 Dungeon Crawl Stone Soup version 0.28-a0-479-g5baa6b73be (webtiles) character file.

Game seed: 3117939632728242461

950 willcat the Covert (level 8, -3/52 HPs)
             Began as an Octopode Delver on Sept 19, 2021.
             Slain by a bullfrog (6 damage)
             ... on level 7 of the Dungeon.
             The game lasted 00:04:29 (2845 turns).

willcat the Covert (Octopode Delver)                Turns: 2845, Time: 00:04:29

Health: -3/52      AC:  3    Str: 12    XL:     8   Next: 13%
Magic:  8/8        EV: 15    Int: 14    God:
Gold:   89         SH:  0    Dex: 13    Spells: 7/7 levels left

rFire   . . .      SeeInvis +   a - +0 short sword
rCold   . . .      Faith    .   (no shield)
rNeg    . . .      Spirit   .   g - +2 hat {SInv}
rPois   .          Reflect  .   (no amulet)
rElec   .          Harm     .   (no ring)
rCorr   .          Rampage  .   (no ring)
Will    .....                   (no ring)
Stlth   +++++.....              (no ring)
HPRegen 0.17/turn               (no ring)
MPRegen 0.11/turn               (no ring)
                                (no ring)
                                (no ring)

@: no status effects
A: almost no armour, amphibious, 8 rings, camouflage 1, gelatinous body 1,
(nimble swimmer 1), tentacles
a: no special abilities


You were on level 7 of the Dungeon.
You visited 1 branch of the dungeon, and saw 3 of its levels.
You also visited: Ossuary.

You collected 89 gold pieces.

Inventory:

Hand Weapons
 a - a +0 short sword (weapon)
 m - a +4 rapier of venom
Armour
 g - a +2 hat of see invisible (worn)
Wands
 f - a wand of digging (3)
Scrolls
 b - a scroll of fog
 c - a scroll of magic mapping
 d - a scroll of fear
 j - a scroll of identify
 p - a scroll of teleportation
Potions
 e - a potion of haste
 h - a potion of brilliance {unknown}
 i - a potion of lignification {unknown}
 k - a potion of degeneration {unknown}
 l - a potion of berserk rage {unknown}
 n - 6 potions of curing {unknown}
 o - 3 potions of might {unknown}
 q - a potion of heal wounds {unknown}


   Skills:
 - Level 3.0 Fighting
 + Level 5.5 Short Blades
 + Level 5.6 Dodging
 + Level 9.9 Stealth


You had 7 spell levels left.
You didn't know any spells.
Your spell library was empty.

Dungeon Overview and Level Annotations

Branches:
Dungeon (8/15)            Ossuary (visited)
 Temple: D:4-7         Lair: D:8-11

Altars:

Annotations:
D:5 Pikel
D:7 1 runed translucent door


Innate Abilities, Weirdness & Mutations

You cannot wear most types of armour.
You are amphibious.
You can wear up to eight rings at the same time.
Your skin changes colour to match your surroundings (Stealth+).
Your rubbery body absorbs attacks. (AC +1, EV +1)
((You are camouflaged near water. (Stealth+)))
You have tentacles for arms and can constrict up to eight enemies at once.


Message History

Found a glowing rapier and a scroll of teleportation.
The bullfrog hits you. The bullfrog barely misses you.
A black bear comes into view.
You sense Yredelemnul urging you to kill the trapped human.
Found a runed translucent door.
A bullfrog comes into view.
The bullfrog hits you.
You see here a +4 rapier of venom.
m - a +4 rapier of venom The bullfrog misses you.
The bullfrog croaks.
The bullfrog hits you but does no damage.
The bullfrog hits you. The black bear barely misses you.
The black bear misses you. The black bear barely misses you.
The bullfrog barely misses you. The black bear completely misses you.
The black bear claws you. The black bear misses you. The bullfrog hits you.
A gnoll comes into view. It is wielding a +0 whip.
The bullfrog misses you. 2 gnolls come into view.
The gnoll shouts! x2
The bullfrog hits you.
* * * LOW HITPOINT WARNING * * *
The gnoll closely misses you.
A gnoll comes into view. It is wielding a +0 halberd.
The gnoll barely misses you.
A gnoll shaman comes into view. It is wielding a +0 whip.
The bullfrog barely misses you.
You see here a scroll of teleportation.
p - a scroll of teleportation The bullfrog hits you.
* * * LOW HITPOINT WARNING * * *
The bullfrog hits you.
* * * LOW HITPOINT WARNING * * *
The gnoll hits you from afar with a +0 spear.
* * * LOW HITPOINT WARNING * * *
The bullfrog hits you.
* * * LOW HITPOINT WARNING * * *
The bullfrog hits you.
You die...

###.. #..##...##
..... ##..#.....#
###... ###...#.....
#p#...###......#.....
#+#...#...#h.g..#....
.......Yh###Y......#
###.8..## #.g#.....
###...###FF# .... ##
#.....##.@# ... .#
#.##......## .# ##
#.......# .#######
#........ .......#
#.........
#......####.........#
# #.................#
#.########.........
#.## ##..###


You could see a black bear, an ice beast, 2 bullfrogs and 2 gnolls.

Vanquished Creatures
  3 black bears (D:5)
  2 necrophages (D:5)
  3 killer bees (D:8)
  A bullfrog zombie (D:5)
  2 centaur zombies (Ossuary)
  An orc priest (D:5)
  A bullfrog skeleton (D:5)
  An iguana (D:5)
  3 ogre zombies (Ossuary)
  7 mummies (Ossuary)
  2 adders (D:5)
  5 adder zombies (Ossuary)
  4 orcs (D:5)
  5 goblin zombies (Ossuary)
  5 hobgoblin zombies (Ossuary)
  A kobold zombie (Ossuary)
  An orc zombie (Ossuary)
  5 quokka zombies (Ossuary)
  3 rat zombies (Ossuary)
55 creatures vanquished.

Notes
Turn   | Place    | Note
-------+----------+-------------------------------------------
     0 | D:5      | willcat the Octopode Delver began the quest for the Orb.
     0 | D:5      | Reached XP level 1. HP: 16/16 MP: 1/1
     5 | D:5      | Found a sand-covered staircase.
    59 | D:5      | Noticed Pikel
    59 | D:5      | Noticed a lemure
    60 | D:5      | Noticed a lemure
    60 | D:5      | Noticed a lemure
    61 | D:5      | Noticed a lemure
    61 | D:5      | Noticed an iguana
    74 | Ossuary  | Entered an ossuary
   110 | Ossuary  | Reached skill level 7 in Stealth
   110 | Ossuary  | Reached XP level 2. HP: 15/21 MP: 2/2
   110 | Ossuary  | Reached XP level 3. HP: 18/26 MP: 3/3
   279 | Ossuary  | Reached XP level 4. HP: 19/31 MP: 4/4
   608 | Ossuary  | Reached XP level 5. HP: 25/36 MP: 5/5
  1184 | Ossuary  | Reached skill level 8 in Stealth
  1418 | Ossuary  | Reached XP level 6. HP: 42/42 MP: 6/6
  1507 | Ossuary  | Identified a scroll of acquirement
  1507 | Ossuary  | Acquired a +2 hat of see invisible
  1560 | D:5      | Noticed a black bear
  1939 | D:5      | Noticed a necrophage
  1941 | D:5      | Killed a black bear
  1956 | D:5      | Noticed a black bear
  1965 | D:5      | Killed a black bear
  1966 | D:5      | Reached XP level 7. HP: 22/46 MP: 7/7
  2139 | D:5      | Reached skill level 9 in Stealth
  2348 | D:5      | Reached skill level 5 in Short Blades
  2348 | D:5      | Reached skill level 5 in Dodging
  2621 | D:5      | You fall into a shaft and drop 3 floors!
  2732 | D:8      | Reached XP level 8. HP: 52/52 MP: 8/8
  2832 | D:7      | Found a runed translucent door.
  2845 | D:7      | Slain by a bullfrog

Illustrated notes

Levels and vault maps discovered:
D:5:      layout_rooms, enter_ossuary_1, ebering_dispersal_statue_hall,
          uniq_pikel
D:7:      layout_layer_cave, dk_yredelemnul_ordeal, jmf_multi_god_temple2,
          hangedman_abyss_or_decor_passed
D:8:      layout_loops_ring, erik_lair_dragon

Skill      XL: |  1  2  3  4  5  6  7 |
---------------+----------------------+-----
Stealth        | 7 8 9 |  9.9
Short Blades   | 3 4 5 |  5.5
Dodging        | 3 4 5 |  5.6
Fighting       | |  3.0

Action                   |  1- 3 |  4- 6 |  7- 9 || total
-------------------------+-------+-------+-------++-------
Melee: Short sword       |    25 |   110 |    51 ||   186
       Tentacles         |     6 |    31 |     7 ||    44
       Constrict         |     4 |    20 |    10 ||    34
  Use: Scroll            |       |     7 |       ||     7
 Stab: Sleeping          |     5 |    11 |     4 ||    20
Armor: Skin              |     3 |     6 |     6 ||    15
Dodge: Dodged            |    15 |    43 |    37 ||    95

Table legend: (Time is in decaauts)
 A = Elapsed time spent in this place.
 B = Non-inter-level travel time spent in this place.
 C = Inter-level travel time spent in this place.
 D = Time resting spent in this place.
 E = Time spent auto-exploring this place.
 F = Levels seen in this place.
 G = Mean time per level.
                   A        B        C        D        E       F      G
               +--------+--------+--------+--------+--------+-----+--------+
         Total |   2827 |   2827 |      0 |   1258 |    861 |   4 |  706.8 |
       Dungeon |   1356 |   1356 |      0 |    785 |    204 |   3 |  452.0 |
       Ossuary |   1470 |   1470 |      0 |    473 |    657 |   1 | 1470.0 |
               +--------+--------+--------+--------+--------+-----+--------+

Top non-repeatable levels by time:
 Ossuary: 1470 daAuts
     D:5: 1134 daAuts
     D:8: 125 daAuts
     D:7: 97 daAuts
